 Dungeon Crawl Stone Soup version 0.29.1-15-g9cfb28693d (webtiles) character file.

Game seed: 7102097296713023555

4960 Peloso the Carver (level 10, 0/88 HPs)
             Began as a Minotaur Fighter on Apr 19, 2023.
             Slain by a troll (4 damage)
             ... on level 9 of the Dungeon.
             The game lasted 00:15:36 (9308 turns).

Peloso the Carver (Minotaur Fighter)                Turns: 9308, Time: 00:15:37

Health: 0/88       AC: 18    Str: 30    XL:     10   Next: 28%
Magic:  9/9        EV:  9    Int:  5    God:
Gold:   525        SH:  6    Dex: 17    Spells: 9/9 levels left

rFire   + . .      SeeInvis .   a - +2 falchion (flame)
rCold   . . .      Faith    .   d - +0 buckler
rNeg    . . .      Spirit   .   k - +1 plate armour {rF+}
rPois   .          Reflect  .   (helmet restricted)
rElec   .          Harm     .   J - +0 cloak
rCorr   .          Rampage  .   (no gloves)
Will    .....                   x - +0 pair of boots
Stlth   ..........              (no amulet)
HPRegen 0.24/turn               t - +6 ring of dexterity
MPRegen 0.11/turn               u - +6 ring of strength

@: no status effects
A: horns 2, retaliatory headbutt
a: no special abilities


You were on level 9 of the Dungeon.
You visited 1 branch of the dungeon, and saw 9 of its levels.

You collected 525 gold pieces.

Inventory:

Hand Weapons
 a - a +2 falchion of flaming (weapon)
 b - the +2 trident "Keoled" {flame, *Slow rF+ rN+}
   (You found it on level 4 of the Dungeon)

   It burns those it strikes, dealing additional fire damage.
   rF:        It protects you from fire.
   rN:        It protects you from negative energy.
   *Slow:     It may slow you when you take damage.
 c - a +0 long sword
Missiles
 n - 2 throwing nets (quivered)
Armour
 d - a +0 buckler (worn)
 k - a +1 plate armour of fire resistance (worn)
 x - a +0 pair of boots (worn)
 J - a +0 cloak (worn)
Jewellery
 s - a ring of magical power
 t - a +6 ring of dexterity (left hand)
 u - a +6 ring of strength (right hand)
 y - a +4 ring of evasion
 C - a +6 ring of dexterity
 F - a ring of wizardry
Wands
 D - a wand of digging (6)
 H - a wand of iceblast (11)
 I - a wand of flame (18)
Scrolls
 f - 3 scrolls of blinking
 g - a scroll of fear {unknown}
 h - 2 scrolls of torment {unknown}
 i - 3 scrolls of enchant armour {unknown}
 j - 2 scrolls of silence {unknown}
 o - a scroll of butterflies
 p - 4 scrolls of poison {unknown}
 q - 4 scrolls of teleportation {unknown}
 w - a scroll of identify
 B - 3 scrolls of immolation {unknown}
Potions
 e - 5 potions of might
 l - a potion of brilliance
 m - 2 potions of heal wounds
 r - 2 potions of cancellation
 v - 4 potions of curing
 z - a potion of haste
 E - a potion of ambrosia


   Skills:
 + Level 7.6 Fighting
 + Level 11.3 Long Blades
 + Level 10.4 Armour
 + Level 2.6 Dodging
 + Level 1.4 Stealth
 + Level 8.2 Shields


You had 9 spell levels left.
You didn't know any spells.
Your spell library contained the following spells:

 Spells                   Type           Power      Damage    Failure   Level
 Summon Small Mammal      Summ           0%         N/A       99%         1
 Call Canine Familiar     Summ           0%         N/A       100%        3
 Summon Guardian Golem    Hex/Summ       0%         N/A       100%        3


Dungeon Overview and Level Annotations

Branches:
Dungeon (9/15)
 Temple: D:4-7         Lair: D:8-11         Orc: D:9-12

Altars:
Cheibriados
Elyvilon
Fedhas
Hepliaklqana
Makhleb
Nemelex Xobeh
Sif Muna
Vehumet
Yredelemnul

Annotations:
D:5 1 runed translucent door


Innate Abilities, Weirdness & Mutations

You have a pair of horns on your head.
You reflexively headbutt those who attack you in melee.


Message History

You kill the yak!
You hit the yak but do no damage. You headbutt the yak.
The yak is lightly wounded.
The yak gores you but does no damage.
You hit the yak. You burn the yak.
The yak is moderately wounded.
You block the yak's attack.
You hit the yak but do no damage. You headbutt the yak.
The yak is moderately wounded.
You hit the yak. You burn the yak. Your headbutt misses the yak.
The yak is heavily wounded.
The yak gores you.
You slash the yak! You burn the yak.
The yak is severely wounded.
The yak gores you but does no damage.
You slash the yak! You burn the yak.
You kill the yak!
You hit the troll but do no damage. The troll bites you!
The troll claws you but does no damage. The troll completely misses you.
You hit the troll. You burn the troll. Your headbutt misses the troll.
The troll is lightly wounded.
You hit the troll but do no damage. Your headbutt misses the troll.
The troll is lightly wounded.
The troll bites you!
* * * LOW HITPOINT WARNING * * *
The troll barely misses you. The troll claws you but does no damage.
You hit the troll but do no damage.
The troll is lightly wounded.
The troll bites you!
* * * LOW HITPOINT WARNING * * *
The troll closely misses you. x2
You hit the troll but do no damage.
The troll is lightly wounded.
The troll closely misses you. The troll claws you.
* * * LOW HITPOINT WARNING * * *
The troll claws you but does no damage.
You closely miss the troll. The troll bites you!
* * * LOW HITPOINT WARNING * * *
The troll barely misses you. The troll claws you.
You die...

#.........#
####.######
########.#
.........#
.........###
...........#
...........#
...........#########
.........#..@T.....#
.........#########.#
.........# ........#
######(.. ...


You could see a troll.

Vanquished Creatures
  Maggie (D:8)
  8 yaks (D:9)
  Eustachio (D:5)
  A wyvern (D:9)
  2 steam dragons
  Menkaure (D:7)
  An acid dragon (D:7)
  3 orc warriors
  2 black bears
  2 ice beasts
  A sky beast (D:7)
  A centaur (D:9)
  2 kobold brigands
  4 necrophages
  2 scorpions
  4 wights (D:8)
  6 killer bees (D:9)
  4 hounds
  2 jellies
  3 orc priests
  2 gnoll boudas
  A human skeleton (D:5)
  Jessica (D:2)
  2 iguanas
  4 orc wizards
  Natasha (thrice) (D:2)
  11 gnolls
  13 adders
  2 shadow imps (D:6)
  3 white imps
  An ufetubus (D:5)
  3 worms
  2 dart slugs
  21 orcs
  5 ball pythons
  8 bats
  7 endoplasms
  5 giant cockroaches
  13 goblins
  9 hobgoblins
  4 jackals (D:1)
  14 kobolds
  3 quokkas
  4 frilled lizards
  4 rats
  2 bushes (D:8)
198 creatures vanquished.

Vanquished Creatures (others)
  2 orcs (D:8)
  2 kobolds (D:8)
  2 plants (D:1)
6 creatures vanquished.

Grand Total: 204 creatures vanquished

Notes
Turn   | Place    | Note
-------+----------+-------------------------------------------
     0 | D:1      | Peloso the Minotaur Fighter began the quest for the Orb.
     0 | D:1      | Reached XP level 1. HP: 19/19 MP: 0/0
   301 | D:1      | Reached XP level 2. HP: 27/27 MP: 1/1
   359 | D:1      | You fall into a shaft and drop 1 floor!
   383 | D:2      | Found a faded altar of an unknown god.
   809 | D:2      | Reached XP level 3. HP: 33/33 MP: 2/2
   843 | D:2      | Identified the +3 ring mail of Tartarus {rF++ Int-2}
  1228 | D:1      | Reached XP level 4. HP: 40/40 MP: 3/3
  1289 | D:1      | Reached skill level 3 in Long Blades
  1289 | D:1      | Reached skill level 1 in Dodging
  2217 | D:2      | Reached XP level 5. HP: 47/47 MP: 4/4
  2288 | D:2      | Noticed Natasha
  2307 | D:2      | Killed Natasha
  2308 | D:2      | Reached skill level 4 in Long Blades
  2369 | D:2      | Noticed Natasha
  2376 | D:2      | Killed Natasha
  2709 | D:2      | Noticed Jessica
  2714 | D:2      | Killed Jessica
  2715 | D:2      | Reached skill level 5 in Long Blades
  2750 | D:2      | Noticed Natasha
  2759 | D:2      | Killed Natasha
  2894 | D:2      | Found a blossoming altar of Fedhas.
  3033 | D:3      | Reached XP level 6. HP: 53/53 MP: 5/5
  3065 | D:3      | Reached skill level 5 in Armour
  3148 | D:3      | Found a snail-covered altar of Cheibriados.
  3804 | D:4      | Found a radiant altar of Vehumet.
  3805 | D:4      | Found a white marble altar of Elyvilon.
  4042 | D:4      | Identified the +2 trident "Keoled" {flame, *Slow rF+ rN+}
  4076 | D:4      | Reached skill level 5 in Fighting
  4076 | D:4      | Reached skill level 6 in Long Blades
  4377 | D:4      | Reached XP level 7. HP: 56/61 MP: 6/6
  4785 | D:5      | Entered Level 5 of the Dungeon
  4796 | D:5      | Reached skill level 5 in Shields
  4796 | D:5      | Noticed Eustachio
  4838 | D:5      | Killed Eustachio
  5154 | D:5      | Found a runed translucent door.
  5154 | D:5      | Noticed a human
  5159 | D:5      | Found a basalt altar of Yredelemnul.
  5187 | D:5      | Reached skill level 7 in Long Blades
  5332 | D:5      | Reached XP level 8. HP: 69/69 MP: 7/7
  5842 | D:6      | Reached skill level 8 in Long Blades
  6686 | D:7      | Found a hazy altar of Hepliaklqana.
  6923 | D:7      | Noticed Menkaure
  6932 | D:7      | Killed Menkaure
  6933 | D:7      | Reached skill level 9 in Long Blades
  6933 | D:7      | Reached XP level 9. HP: 22/78 MP: 8/8
  7832 | D:8      | Noticed Maggie
  7842 | D:8      | Killed Maggie
  8058 | D:7      | Reached skill level 1 in Stealth
  8213 | D:8      | Reached skill level 10 in Long Blades
  8696 | D:8      | Found a burning altar of Makhleb.
  8697 | D:8      | Found a sparkling altar of Nemelex Xobeh.
  8698 | D:8      | Found a shimmering blue altar of Sif Muna.
  9089 | D:9      | Reached XP level 10. HP: 75/86 MP: 9/9
  9101 | D:9      | Reached skill level 10 in Armour
  9103 | D:9      | Reached skill level 11 in Long Blades
  9308 | D:9      | HP: 4/88 [troll (9)]
  9308 | D:9      | Slain by a troll

Illustrated notes

Levels and vault maps discovered:
D:1:      dpeg_arrival_yet_another_circle, layout_basic, minmay_statues_item,
          serial_bayou_ford_a
D:2:      layout_loops_ring, basic_altar, hellmonk_ecumenical_altar_zigzags,
          uniq_jessica, uniq_natasha
D:3:      minmay_inner_zag, layout_loops_cross, cheibrodos_worm_habitat,
          guppyfry_early_orc_mine
D:4:      layout_loops_ring, mainiacjoe_overflow_divided_tiny,
          reono_crystal_passage, chequers_serial_rivers_small_3
D:5:      layout_rooms, dk_yredelemnul_ordeal, uniq_eustachio
D:6:      layout_gridville
D:7:      layout_layer_cave, mainiacjoe_overflow_24_doors,
          minmay_temple_entry_from_below_b, uniq_menkaure
D:8:      layout_rooms, gammafunk_temple_overflow_forgotten, minmay_misc_feat_x,
          uniq_maggie
D:9:      layout_loops_corners

Skill      XL: |  1  2  3  4  5  6  7  8  9 10 |
---------------+-------------------------------+-----
Fighting       | 4 5 6 7 |  7.6
Shields        | 4 6 7 8 |  8.2
Armour         | 4 5 6 7 9 10 | 10.4
Long Blades    | 3 5 6 7 9 10 11 | 11.3
Dodging        | 1 2 |  2.6
Stealth        | 1 |  1.4

Action                   |  1- 3 |  4- 6 |  7- 9 | 10-12 || total
-------------------------+-------+-------+-------+-------++-------
Melee: Long sword        |    75 |   201 |    35 |       ||   311
       Headbutt          |    14 |    34 |   104 |    13 ||   165
       Falchion          |       |       |   369 |    42 ||   411
  Use: Scroll            |     1 |     5 |     6 |       ||    12
Armor: Scale mail        |    39 |       |       |       ||    39
       Ring mail         |     9 |    26 |       |       ||    35
       Plate armour      |       |   121 |   204 |     9 ||   334
Dodge: Dodged            |    52 |    69 |   103 |    13 ||   237
Block: Buckler           |    22 |    54 |    97 |     2 ||   175
